 Dungeon Crawl Stone Soup version 0.29.0-4-gdea44cf6ec (webtiles) character file.

Game seed: 11105906721988793572

7 qw the Caller (level 2, 0/22 HPs)
             Began as a Ghoul Summoner on Sept 10, 2022.
             Slain by a jackal (1 damage)
             ... on level 1 of the Dungeon.
             The game lasted 00:00:09 (281 turns).

qw the Caller (Ghoul Summoner)                       Turns: 281, Time: 00:00:09

Health: 0/22       AC:  2    Str: 11    XL:     2   Next: 0%
Magic:  0/3        EV: 12    Int: 10    God:
Gold:   0          SH:  0    Dex:  9    Spells: 3/4 levels left

rFire   . . .      SeeInvis .   e - +0 mace
rCold   + . .      Faith    .   (no shield)
rNeg    + + +      Spirit   .   a - +0 robe
rPois   inf        Reflect  .   (no helmet)
rElec   .          Harm     .   (no cloak)
rCorr   .          Rampage  .   (no gloves)
Will    .....                   (no boots)
Stlth   ++........              (no amulet)
HPRegen 0.00/turn               (no ring)
MPRegen 0.08/turn               (no ring)

@: very slightly contaminated, inhibited regen
A: claws 1, cold resistance 1, negative energy resistance 3, inhibited
regeneration, torment resistance 2, devour on kill
a: no special abilities


You were on level 1 of the Dungeon.
You visited 1 branch of the dungeon, and saw 1 of its levels.


Innate Abilities, Weirdness & Mutations

You are immune to poison.
You have sharp fingernails.
Your flesh is cold resistant. (rC+)
You are immune to negative energy. (rN+++)
You do not regenerate when monsters are visible.
You are immune to unholy pain and torment.
You thrive by killing the living.


   Skills:
 + Level 0.7 Fighting
 - Level 1.0 Axes
 - Level 1.7 Dodging
 - Level 2.1 Stealth
 - Level 1.7 Spellcasting
 - Level 3.6 Summonings


You had 3 spell levels left.
You knew the following spells:

 Your Spells              Type           Power      Damage    Failure   Level
a - Summon Small Mammal   Summ           32%        N/A       8%          1

Your spell library contained the following spells:

 Spells                   Type           Power      Damage    Failure   Level
 Call Imp                 Summ           8%         N/A       11%         2
 Call Canine Familiar     Summ           8%         N/A       22%         3
 Summon Guardian Golem    Hex/Summ       4%         N/A       43%         3
 Summon Lightning Spire   Summ/Air       4%         N/A       83%         4

Inventory:

Hand Weapons
 e - a +0 mace (weapon)
Armour
 a - a +0 robe (worn)
Scrolls
 d - a scroll of identify {unknown}
Potions
 b - a potion of magic
 c - a potion of heal wounds {unknown}

Dungeon Overview and Level Annotations

Branches:
Dungeon (1/15)

Altars:


Message History

Your rat completely misses the jackal.
You see here a giant cockroach corpse.
274 ||| Stepping ~*~*~tactically~*~*~ (outnumbered).
The jackal bites you.
275 ||| Stepping ~*~*~tactically~*~*~ (outnumbered).
276 ||| CASTING Summon Small Mammal
Casting: Summon Small Mammal (safe; 8% risk of failure)
Confirm with . or Enter, or press ? or * to list all spells.
You miscast Summon Small Mammal.
You are very lightly contaminated with residual magic.
Nothing appears to happen.
The jackal closely misses you. The jackal bites you.
The goblin hits you with a +0 club.
You completely miss the goblin.
The goblin is moderately wounded.
The jackal closely misses you. The jackal misses you. x2
The goblin hits you with a +0 club.
The jackal bites you but does no damage.
You hit the goblin.
The goblin is heavily wounded.
The jackal misses you. The jackal bites you.
Your rat misses the jackal. The goblin hits you but does no damage.
The jackal closely misses you.
The jackal bites you but does no damage.
Your rat closely misses the jackal.
The goblin hits you with a +0 club.
You barely miss the goblin.
The goblin is heavily wounded.
The jackal misses you. The jackal bites you. The jackal barely misses you.
Your rat bites the jackal.
The goblin misses you. The jackal barely misses you.
You hit the goblin.
The goblin is severely wounded.
The jackal barely misses you. The jackal bites you.
Your rat completely misses the jackal.
The goblin misses you. The jackal misses you. The jackal bites you.
You miss the goblin.
The goblin is severely wounded.
The jackal barely misses you.
Your rat barely misses the jackal.
The jackal bites you. The goblin completely misses you.
The jackal barely misses you.
Your rat barely misses the jackal.
The jackal bites you.
You die...

##........#
##.........#
.......)..###
#..........#
#........#.#
.####........#.#
.......r.%####.#####
......hhg..###.#...#
.......@....##.#...#
............##.#...#
............##.#...#
...................#
......#....#...#...#
#.#...##...#.###...#
. #.## #...#.# #...#
#. #..###.# ##### ..
#..# #.##########


You could see 2 jackals, a goblin and a friendly rat (summoned).

Vanquished Creatures
  A ball python (D:1)
  A giant cockroach (D:1)
  A bat (D:1)
  A rat (D:1)
4 creatures vanquished.

Vanquished Creatures (collateral kills)
  A goblin (D:1)
  A frilled lizard (D:1)
  A kobold (D:1)
3 creatures vanquished.

Grand Total: 7 creatures vanquished

Notes
Turn   | Place    | Note
-------+----------+-------------------------------------------
     0 | D:1      | qw the Ghoul Summoner began the quest for the Orb.
     0 | D:1      | Reached XP level 1. HP: 14/14 MP: 2/2
     0 | D:1      | 0 ||| qw: Version: 0.1-a-116-g5d60599
     0 | D:1      | 0 ||| qw: Game counter: 7418
     0 | D:1      | 0 ||| qw: Always use a shield: true
     0 | D:1      | 0 ||| qw: God list: Okawaru
     0 | D:1      | 0 ||| qw: Allow faded altars: false
     0 | D:1      | 0 ||| qw: Do Orc after D:15 true
     0 | D:1      | 0 ||| qw: Do second Lair branch before Depths: true
     0 | D:1      | 0 ||| qw: Lair rune preference: random
     0 | D:1      | 0 ||| qw: Plans: Normal
     0 | D:1      | 0 ||| PLANNING D:1-11
    21 | D:1      | 21 ||| CASTING Summon Small Mammal
    22 | D:1      | 22 ||| CASTING Summon Small Mammal
    47 | D:1      | 47 ||| CASTING Summon Small Mammal
    48 | D:1      | 48 ||| CASTING Summon Small Mammal
    77 | D:1      | 77 ||| Wielding weapon +0 club.
    90 | D:1      | 90 ||| CASTING Summon Small Mammal
    91 | D:1      | 91 ||| CASTING Summon Small Mammal
   121 | D:1      | 121 ||| SWAPPING to +0 mace.
   122 | D:1      | 122 ||| CASTING Summon Small Mammal
   123 | D:1      | 123 ||| CASTING Summon Small Mammal
   147 | D:1      | 147 ||| DROPPING +0 club.
   194 | D:1      | 194 ||| CASTING Summon Small Mammal
   195 | D:1      | 195 ||| CASTING Summon Small Mammal
   207 | D:1      | 207 ||| CASTING Summon Small Mammal
   209 | D:1      | Reached skill level 1 in Axes
   232 | D:1      | 232 ||| CASTING Summon Small Mammal
   233 | D:1      | 233 ||| CASTING Summon Small Mammal
   262 | D:1      | 262 ||| CASTING Summon Small Mammal
   263 | D:1      | 263 ||| CASTING Summon Small Mammal
   270 | D:1      | Reached XP level 2. HP: 22/22 MP: 0/3
   272 | D:1      | 272 ||| Stepping ~*~*~tactically~*~*~ (outnumbered).
   273 | D:1      | 273 ||| Stepping ~*~*~tactically~*~*~ (outnumbered).
   274 | D:1      | 274 ||| Stepping ~*~*~tactically~*~*~ (outnumbered).
   275 | D:1      | 275 ||| Stepping ~*~*~tactically~*~*~ (outnumbered).
   276 | D:1      | 276 ||| CASTING Summon Small Mammal
   280 | D:1      | HP: 4/22 [jackal (3)]
   281 | D:1      | HP: 1/22 [jackal (2)]
   281 | D:1      | Slain by a jackal

Levels and vault maps discovered:
D:1:      roderic_crossed_star, layout_rooms

Skill      XL: |  1 |
---------------+----+-----
Axes           | 1 |  1.0
Fighting       | |  0.7
Dodging        | |  1.7
Stealth        | |  2.1
Spellcasting   | |  1.7
Summonings     | |  3.6

Action                   || total
-------------------------++-------
Melee: Mace              ||     8
       Unarmed           ||     1
 Cast: Summon Small Mamm ||    15
Armor: Robe              ||     6
Dodge: Dodged            ||    21

Table legend:
 A = Non-vault XP
 B = Vault XP
 C = Vault XP percentage of total XP
 D = Non-vault monster count
 E = Vault monster count
 F = Vault count percentage of total count
                 A         B        C        D         E       F
            +---------+---------+-------+---------+---------+-------
      Total |      10 |       0 |   0.0 |       7 |       0 |   0.0
            +---------+---------+-------+---------+---------+-------
        D:1 |      10 |       0 |   0.0 |       7 |       0 |   0.0
            +---------+---------+-------+---------+---------+-------
